[ AOE2 MATCH · #504976356 ]
UnrankedItalians vs Cumans
Player's team · LOSS
Rival team · WIN
[ REPLAY ANALYSIS · EXTRACTED FROM THE RECORDED GAME ]
Feudal
11:38
Castle
—
Imperial
—
| APM avg | 89.9 |
| APM peak | 148 |
| eAPM avg | 25.9 |
| Villagers / military | 25 / 2 |
Focus
⚔️ 20.6% · 🌾 79.4%
Militia ×2
Feudal
9:20
Castle
—
Imperial
—
| APM avg | 89.9 |
| APM peak | 133 |
| eAPM avg | 47.8 |
| Villagers / military | 20 / 7 |
Focus
⚔️ 48.5% · 🌾 51.5%
Archer ×7
Match map
Initial resources + every placement click. Lines = walls · curves = elevation contours. ◆ gold · ⬟ stone · ● berries · ✦ relic · ◌ wall gap
Your base· Open — 4t gap
Cuman Terror's base· Open — unwalled flank
Smoothed initial terrain · ◌ = detected wall gap · hover for details
Inputs per minute
— ADangBang - - Cuman Terror
Build order — ADangBang
53 actions detected in the replay
| 0:00 | Queue | Villager (Male) |
| 0:00 | Queue | Villager (Male) |
| 0:00 | Queue | Villager (Male) |
| 0:01 | Build | House |
| 0:02 | Build | House |
| 0:21 | Queue | Villager (Male) |
| 1:23 | Queue | Villager (Male) |
| 1:58 | Queue | Villager (Male) |
| 1:58 | Queue | Villager (Male) |
| 2:01 | Build | Lumber Camp |
| 2:18 | Queue | Villager (Male) |
| 2:42 | Queue | Villager (Male) |
| 3:04 | Queue | Villager (Male) |
| 3:40 | Build | House |
| 3:44 | Queue | Villager (Male) |
| 3:44 | Queue | Villager (Male) |
| 4:27 | Queue | Villager (Male) |
| 4:58 | Queue | Villager (Male) |
| 5:04 | Build | Barracks |
| 5:28 | Queue | Villager (Male) |
| 5:31 | Research | Loom |
| 5:47 | Build | House |
| 5:50 | Queue | Villager (Male) |
| 5:50 | Queue | Villager (Male) |
| 6:21 | Queue | Militia |
| 6:22 | Queue | Militia |
| 6:24 | Build | House |
| 7:32 | Queue | Villager (Male) |
| 8:09 | Queue | Villager (Male) |
| 8:46 | Queue | Villager (Male) |
| 8:50 | Build | Mill |
| 9:28 | Research | Feudal Age |
| 9:28 | Research | Feudal Age |
| 10:13 | Build | House |
| 10:17 | Build | Palisade Wall |
| 10:24 | Build | Palisade Wall |
| 10:27 | Build | Palisade Wall |
| 10:38 | Build | Palisade Wall |
| 11:09 | Queue | Villager (Male) |
| 11:16 | Build | Palisade Wall |
| 11:38 | Build | Palisade Wall |
| 11:38 | Age | Feudal Age |
| 11:39 | Queue | Villager (Male) |
| 11:42 | Build | Archery Range |
| 11:45 | Build | Blacksmith |
| 11:59 | Queue | Villager (Male) |
| 12:01 | Queue | Villager (Male) |
| 12:05 | Queue | Villager (Male) |
| 12:12 | Build | Mining Camp |
| 12:14 | Research | Double-Bit Axe |
| 12:14 | Research | Double-Bit Axe |
| 12:27 | Build | Palisade Wall |
| 12:40 | Build | Watch Tower |
Build order — Cuman Terror
54 actions detected in the replay
| 0:00 | Queue | Villager (Male) |
| 0:01 | Build | House |
| 0:02 | Build | House |
| 0:04 | Queue | Villager (Male) |
| 0:07 | Queue | Villager (Male) |
| 0:13 | Queue | Villager (Male) |
| 1:28 | Queue | Villager (Male) |
| 1:49 | Build | Lumber Camp |
| 2:01 | Queue | Villager (Male) |
| 2:15 | Queue | Villager (Male) |
| 2:44 | Queue | Villager (Male) |
| 3:09 | Queue | Villager (Male) |
| 3:37 | Queue | Villager (Male) |
| 3:58 | Queue | Villager (Male) |
| 4:07 | Build | House |
| 4:19 | Queue | Villager (Male) |
| 4:46 | Queue | Villager (Male) |
| 5:08 | Build | Barracks |
| 5:12 | Queue | Villager (Male) |
| 5:38 | Queue | Villager (Male) |
| 6:01 | Queue | Villager (Male) |
| 6:11 | Research | Loom |
| 6:30 | Build | Palisade Wall |
| 7:10 | Research | Feudal Age |
| 7:17 | Build | Mill |
| 7:21 | Build | Palisade Wall |
| 7:21 | Build | Palisade Wall |
| 7:22 | Build | Palisade Wall |
| 7:29 | Build | House |
| 8:16 | Build | Palisade Wall |
| 8:45 | Build | Palisade Wall |
| 8:47 | Build | Palisade Wall |
| 8:50 | Build | Palisade Wall |
| 9:10 | Queue | Villager (Male) |
| 9:20 | Age | Feudal Age |
| 9:23 | Build | Archery Range |
| 9:34 | Build | Mining Camp |
| 9:41 | Build | Archery Range |
| 9:42 | Queue | Villager (Male) |
| 10:15 | Queue | Archer |
| 10:26 | Queue | Villager (Male) |
| 10:41 | Queue | Archer |
| 10:57 | Build | Blacksmith |
| 10:58 | Queue | Archer |
| 11:09 | Queue | Archer |
| 11:28 | Build | House |
| 11:44 | Queue | Archer |
| 11:55 | Research | Fletching |
| 11:56 | Queue | Archer |
| 11:58 | Build | House |
| 12:02 | Build | Palisade Wall |
| 12:22 | Queue | Archer |
| 12:32 | Build | House |
| 12:49 | Queue | Villager (Male) |
Match timeline
| 5:04 | ADangBang · first_building Barracks |
| 5:08 | Cuman Terror · first_building Barracks |
| 6:30 | Cuman Terror · wall_segment Palisade Wall x6 |
| 7:21 | Cuman Terror · wall_segment Palisade Wall x1 |
| 7:21 | Cuman Terror · wall_segment Palisade Wall x1 |
| 7:22 | Cuman Terror · wall_segment Palisade Wall x1 |
| 8:16 | Cuman Terror · wall_segment Palisade Wall x1 |
| 8:45 | Cuman Terror · wall_segment Palisade Wall x1 |
| 8:47 | Cuman Terror · wall_segment Palisade Wall x1 |
| 8:50 | Cuman Terror · wall_segment Palisade Wall x1 |
| 9:20 | Cuman Terror · age_up feudal |
| 9:23 | Cuman Terror · first_building Archery Range |
| 10:17 | ADangBang · wall_segment Palisade Wall x7 |
| 10:24 | ADangBang · wall_segment Palisade Wall x14 |
| 10:27 | ADangBang · wall_segment Palisade Wall x13 |
| 10:38 | ADangBang · wall_segment Palisade Wall x8 |
| 11:16 | ADangBang · wall_segment Palisade Wall x6 |
| 11:38 | ADangBang · age_up feudal |
| 11:38 | ADangBang · wall_segment Palisade Wall x9 |
| 11:42 | ADangBang · first_building Archery Range |
| 12:02 | Cuman Terror · wall_segment Palisade Wall x1 |
| 12:27 | ADangBang · wall_segment Palisade Wall x9 |
| 12:49 | ADangBang · resign |
[ AI ANALYSIS · 1 CREDIT ]
What really happened in this match?
Wolo.gg analyzes every decision: build order, eco, micro, common mistakes by bracket. Personalized analysis on WhatsApp or Discord in 30 seconds.
Civ guide
Italians
Perfil
Jugador #1075200